 Dungeon Crawl Stone Soup version 0.28-a0-683-ga8797d1ae1 (webtiles) character file.

Game seed: 8332961708451956769

107 shoop the Skirmisher (level 4, -2/48 HPs)
             Began as an Ogre Fighter on Oct 18, 2021.
             Slain by a water moccasin (3 damage)
             ... on level 3 of the Dungeon.
             The game lasted 00:04:25 (2982 turns).

shoop the Skirmisher (Ogre Fighter)                 Turns: 2982, Time: 00:04:26

Health: -2/48      AC:  3    Str: 20    XL:     4   Next: 86%
Magic:  4/4        EV:  8    Int: 10    God:
Gold:   13         SH:  7    Dex:  8    Spells: 3/3 levels left

rFire   . . .      SeeInvis .   a - +0 flail
rCold   . . .      Faith    .   c - +0 kite shield
rNeg    . . .      Spirit   .   b - +0 robe
rPois   .          Reflect  .   (helmet restricted)
rElec   .          Harm     .   (no cloak)
rCorr   .          Rampage  .   (gloves unavailable)
Will    +....                   (boots unavailable)
Stlth   +.........              (no amulet)
HPRegen 0.16/turn               m - ring of willpower
MPRegen 0.09/turn               (no ring)

@: mighty, lethally poisoned (-2 -> -18)
A: large, unfitting armour, tough skin 1
a: no special abilities


You were on level 3 of the Dungeon.
You visited 1 branch of the dungeon, and saw 3 of its levels.

You collected 83 gold pieces.
You spent 70 gold pieces at shops.

Inventory:

Hand Weapons
 a - a +0 flail (weapon)
Missiles
 e - 4 boomerangs (quivered)
Armour
 b - a +0 robe (worn)
 c - a +0 kite shield (worn)
Jewellery
 m - a ring of willpower (left hand)
Wands
 l - a wand of digging (6)
Scrolls
 f - a scroll of identify {unknown}
 g - 2 scrolls of magic mapping
 h - a scroll of fear
 i - a scroll of vulnerability {unknown}
 k - a scroll of enchant weapon {unknown}
 n - a scroll of acquirement {unknown}
Potions
 j - a potion of curing {unknown}


   Skills:
 - Level 4.0 Fighting
 * Level 3.7 Maces & Flails
 + Level 2.1 Throwing
 - Level 2.7 Dodging
 - Level 2.7 Shields


You had 3 spell levels left.
You didn't know any spells.
Your spell library was empty.

Dungeon Overview and Level Annotations

Branches:
Dungeon (3/15)

Altars:
Cheibriados

Shops:
D:2 *


Innate Abilities, Weirdness & Mutations

You are too large for most types of armour.
You have tough skin. (AC +1)


Message History

You feel very sick. You block the adder's attack. The water moccasin bites you.
The adder bites you. The water moccasin closely misses you.
You feel sick.
You feel sick. The adder bites you.
You feel sick.
You feel sick.
There is an open door here.
You feel sick.
You are no longer poisoned.
You feel very mighty all of a sudden. The water moccasin barely misses you.
The water moccasin closely misses you.
You miss the water moccasin.
You block the water moccasin's attack. x2
You hit the water moccasin.
The water moccasin is moderately wounded.
The water moccasin bites you. x2
You closely miss the water moccasin.
The water moccasin is lightly wounded.
The water moccasin closely misses you. The water moccasin bites you.
You are poisoned.
The water moccasin poisons you!
You miss the water moccasin.
The water moccasin is lightly wounded.
You feel very sick.
The water moccasin bites you but does no damage.
The water moccasin bites you.
* * * LOW HITPOINT WARNING * * *
You completely miss the water moccasin.
The water moccasin is lightly wounded.
You feel sick. The water moccasin barely misses you.
The water moccasin bites you.
* * * LOW HITPOINT WARNING * * *
You are lethally poisoned!
The water moccasin poisons you!
Your shield prevents you from hitting the water moccasin.
The water moccasin is lightly wounded.
* * * LOW HITPOINT WARNING * * *
You feel extremely sick. You block the water moccasin's attack.
The water moccasin bites you.
You die...

# ################## #
.................# #
################@# ########
#######S###
................S..#
...................#
...................########
...............#+#........#
...............#.#........#
.................#........#
###
........>.............[...+
...


You could see a water moccasin and an adder.

Vanquished Creatures
  3 gnolls
  3 adders
  2 worms (D:2)
  4 ball pythons
  3 endoplasms
  A giant cockroach (D:2)
  2 goblins
  4 hobgoblins
  3 jackals (D:2)
  4 kobolds
  A quokka (D:3)
  9 bats
  5 frilled lizards
  5 rats
49 creatures vanquished.

Notes
Turn   | Place    | Note
-------+----------+-------------------------------------------
     0 | D:1      | shoop the Ogre Fighter began the quest for the Orb.
     0 | D:1      | Reached XP level 1. HP: 24/24 MP: 1/1
   432 | D:1      | Reached XP level 2. HP: 27/32 MP: 2/2
   637 | D:1      | Found a faded altar of an unknown god.
  1107 | D:1      | Reached skill level 1 in Throwing
  1107 | D:1      | Reached XP level 3. HP: 27/39 MP: 3/3
  1209 | D:2      | Found Atiablan's General Store.
  1291 | D:2      | Reached XP level 4. HP: 40/48 MP: 4/4
  1350 | D:2      | Bought a scroll of fear for 35 gold pieces
  2465 | D:2      | Bought a scroll of magic mapping for 35 gold pieces
  2700 | D:3      | Found a snail-covered altar of Cheibriados.
  2965 | D:3      | Noticed a water moccasin
  2982 | D:3      | HP: 1/48 [poisoned by a water moccasin]
  2982 | D:3      | Slain by a water moccasin

Illustrated notes

Levels and vault maps discovered:
D:1:      heliophobic_arrival_ceremonial_halls, layout_basic,
          shapermc_ecumenical_altar_notcrosses
D:2:      layout_rooms, serial_shops, shop
D:3:      layout_basic, lemuel_coloured_pillars_altar

Skill      XL: |  1  2  3  4 |
---------------+-------------+-----
Maces & Flails | 2 3 |  3.7
Throwing       | 1 2 |  2.1
Fighting       | |  4.0
Dodging        | |  2.7
Shields        | |  2.7

Action                   |  1- 3 |  4- 6 || total
-------------------------+-------+-------++-------
Melee: Flail             |    72 |   112 ||   184
  Use: Potion            |       |     1 ||     1
 Stab: Sleeping          |     1 |       ||     1
Armor: Robe              |    28 |    30 ||    58
Dodge: Dodged            |    38 |    43 ||    81
Block: Kite shield       |    40 |    34 ||    74

Table legend: (Time is in decaauts)
 A = Elapsed time spent in this place.
 B = Non-inter-level travel time spent in this place.
 C = Inter-level travel time spent in this place.
 D = Time resting spent in this place.
 E = Time spent auto-exploring this place.
 F = Levels seen in this place.
 G = Mean time per level.
                   A        B        C        D        E       F      G
               +--------+--------+--------+--------+--------+-----+--------+
         Total |   3065 |   2978 |     87 |    203 |   2290 |   3 | 1021.7 |
       Dungeon |   3065 |   2978 |     87 |    203 |   2290 |   3 | 1021.7 |
               +--------+--------+--------+--------+--------+-----+--------+

Top non-repeatable levels by time:
     D:2: 1268 daAuts
     D:1: 1201 daAuts
     D:3: 595 daAuts
